 Dungeon Crawl Stone Soup version 0.22-a0-565-gfc6459a (webtiles) character file.

119 Amnesiac the Charlatan (level 4, -3/22 HPs)
             Began as a Spriggan Wanderer on June 28, 2018.
             Slain by Grinder (7 damage)
             ... while paralysed by Grinder
             ... on level 4 of the Dungeon.
             The game lasted 00:06:13 (2478 turns).

Amnesiac the Charlatan (Spriggan Wanderer)          Turns: 2478, Time: 00:06:14

Health: -3/22      AC:  2    Str: 11    XL:     4   Next: 73%
Magic:  8/8        EV:  4    Int: 10    God:
Gold:   82         SH:  0    Dex: 16    Spells: 5/5 levels left

rFire    . . .     SeeInvis +   b - +0 shortbow
rCold    . . .     Gourm    .   (shield currently unavailable)
rNeg     . . .     Faith    .   d - +0 robe
rPois    .         Spirit   .   (helmet restricted)
rElec    .         Reflect  .   (no cloak)
rCorr    .         Harm     .   (gloves unavailable)
MR       .....     Rnd*Rage +   (boots unavailable)
Stlth    ++........             (no amulet)
HPRegen  0.07/turn              (no ring)
MPRegen  0.11/turn              (no ring)

@: paralysed, very quick
A: very small, unfitting armour, see invisible, berserk 1, herbivore, speed 3,
slow metabolism 2, evolution 1, no potion heal 1
a: no special abilities


You were on level 4 of the Dungeon.
You were not hungry.

You visited 1 branch of the dungeon, and saw 4 of its levels.

You collected 82 gold pieces.

Inventory:

Hand Weapons
 a - a +0 short sword
 b - a +0 shortbow (weapon)
 g - a +0 hunting sling
 n - a +0 dagger
Missiles
 c - 3 arrows (quivered)
 j - 34 stones
Armour
 d - a +0 robe (worn)
Wands
 m - a wand of flame (15)
Scrolls
 e - a scroll of magic mapping {!r, unknown}
 h - 2 scrolls of remove curse {!r}
 l - a scroll of noise {!r, unknown}
 p - a scroll of identify {!r, unknown}
 q - 2 scrolls of teleportation {!r, unknown}
Potions
 i - a potion of ambrosia {!q, unknown}
 k - a potion of lignification {!q, unknown}
 o - a potion of curing {!q}
Comestibles
 f - 3 rations


   Skills:
 - Level 1.0 Fighting
 * Level 1.9 Short Blades
 - Level 2.4 Bows
 + Level 3.6 Dodging
 + Level 1.9 Stealth
   Level 1.0 Shields
 - Level 1.3 Spellcasting
   Level 1.7 Air Magic
 * Level 4.8 Evocations


You had 5 spell levels left.
You didn't know any spells.
Your spell library was empty.

Dungeon Overview and Level Annotations

Branches:
Dungeon (4/15)
 Temple: D:4-7

Altars:
Xom

Annotations:
D:4 Grinder


Innate Abilities, Weirdness & Mutations

You are very small and have problems with some larger weapons.
You are too small for most types of armour.
You have supernaturally acute eyesight. (SInv)
You are a herbivore.
You cover ground extremely quickly.
You need to consume almost no food.
You tend to lose your temper in combat.
You evolve.
Potions are less effective at restoring your health.


Message History

Aim: Grinder (moderately wounded)
You shoot an arrow.
The arrow hits Grinder but does no damage.
Grinder is moderately wounded.
Grinder gestures at you.
You suddenly lose the ability to move!
Grinder gestures at you. Pain shoots through your body!
You can move again.
Firing (i - inventory. (/) - cycle)
c - 10 arrows (quivered)
Press: ? - help, Shift-Dir - straight line, f/p - Grinder
Aim: Grinder (moderately wounded)
You shoot an arrow.
The arrow hits Grinder but does no damage.
Grinder is moderately wounded.
Firing (i - inventory. (/) - cycle)
c - 9 arrows (quivered)
Press: ? - help, Shift-Dir - straight line, f/p - Grinder
Aim: Grinder (moderately wounded)
You shoot an arrow. The arrow closely misses Grinder.
Grinder gestures at you.
You suddenly lose the ability to move!
Grinder blinks!
You can move again.
Unknown command.
Firing (i - inventory. (/) - cycle)
c - 8 arrows (quivered)
Press: ? - help, Shift-Dir - straight line, f/p - Grinder
Aim: Grinder (moderately wounded)
You shoot an arrow. The arrow hits Grinder.
Grinder is heavily wounded.
Firing (i - inventory. (/) - cycle)
c - 7 arrows (quivered)
Press: ? - help, Shift-Dir - straight line, f/p - Grinder
Aim: Grinder (heavily wounded)
You shoot an arrow.
The arrow hits Grinder but does no damage.
Grinder is heavily wounded.
Firing (i - inventory. (/) - cycle)
c - 6 arrows (quivered)
Press: ? - help, Shift-Dir - straight line, f/p - Grinder
Aim: Grinder (heavily wounded)
You shoot an arrow. The arrow barely misses Grinder.
Firing (i - inventory. (/) - cycle)
c - 5 arrows (quivered)
Press: ? - help, Shift-Dir - straight line, f/p - Grinder
Aim: Grinder (heavily wounded)
You shoot an arrow. The arrow closely misses Grinder.
Firing (i - inventory. (/) - cycle)
c - 4 arrows (quivered)
Press: ? - help, Shift-Dir - straight line, f/p - Grinder
Aim: Grinder (heavily wounded)
You shoot an arrow. The arrow barely misses Grinder.
Grinder gestures at you. Pain shoots through your body!
Unknown command.
Unknown command.
Grinder gestures at you.
You suddenly lose the ability to move!
Grinder gestures at you.
You struggle to resist.
Grinder blinks!
Grinder hits you. Grinder hits you!
* * * LOW HITPOINT WARNING * * *
You writhe in agony.
* * * LOW HITPOINT WARNING * * *
Grinder says, "Don't move a muscle."
Grinder hits you!
You die...

#.# #.#
#.. #.#
##. #.#
.. #.#
#.
#####.#
..
#...#.#
#.#.#.#
#...#.#
#...#@#
#<...5#
#.....#
#.###.#
#.....#
#######


You could see Grinder.

Vanquished Creatures
  A worker ant (D:4)
  Terence (D:1)
  2 adders
  A worm (D:3)
  3 dart slugs
  2 leopard geckos (D:3)
  A ball python (D:1)
  4 giant cockroaches (D:1)
  4 goblins
  4 jackals (D:3)
  A quokka (D:2)
  6 bats
  3 frilled lizards (D:1)
  9 kobolds
  5 rats
47 creatures vanquished.

Notes
Turn   | Place    | Note
-------+----------+-------------------------------------------
     0 | D:1      | Amnesiac the Spriggan Wanderer began the quest for the Orb.
     0 | D:1      | Amnesiac set off with: a wand of flame (15), a +0 shortbow, 26 arrows, a +0 robe, a ration
     0 | D:1      | Reached XP level 1. HP: 10/10 MP: 3/3
    55 | D:1      | Reached skill level 2 in Evocations
   273 | D:1      | Reached XP level 2. HP: 13/14 MP: 5/5
   274 | D:1      | Reached skill level 3 in Evocations
   741 | D:1      | Reached skill level 4 in Evocations
   843 | D:1      | Reached XP level 3. HP: 18/18 MP: 7/7
   866 | D:2      | Found a shimmering altar of Xom.
   866 | D:2      | Noticed Terence
   957 | D:1      | Killed Terence
  1104 | D:2      | Reached skill level 1 in Short Blades
  1104 | D:2      | Reached skill level 1 in Stealth
  1290 | D:2      | Reached XP level 4. HP: 20/22 MP: 8/8
  1375 | D:3      | HP: 1/22 [poisoned by an adder]
  1377 | D:3      | Gained mutation: Potions are less effective at restoring your health. [potion of mutation]
  1377 | D:3      | Gained mutation: You tend to lose your temper in combat. [potion of mutation]
  1377 | D:3      | Gained mutation: You evolve. [potion of mutation]
  1384 | D:3      | HP: 1/22 [poisoned by an adder]
  2143 | D:4      | Noticed a slave
  2143 | D:4      | Noticed a slave
  2259 | D:4      | Noticed Grinder
  2431 | D:4      | Paralysed by Grinder for 3 turns
  2439 | D:4      | Paralysed by Grinder for 2 turns
  2451 | D:4      | Paralysed by Grinder for 3 turns
  2458 | D:4      | Paralysed by Grinder for 4 turns
  2473 | D:4      | Paralysed by Grinder for 5 turns
  2478 | D:4      | Slain by Grinder

Vault maps used:
D:1:      lordsloth_arrival_two_stooges, minmay_circled_x
D:2:      tso_metal_star, lemuel_round_altar, gammafunk_temple_overflow_statue,
          first_ration, okawaru_metal_pillars_3, uniq_jessica, uniq_terence
D:3:      doesnt_xom_only_xom
D:4:      grunt_temple_overflow_gold_and_silver, minmay_temple_entry_trees,
          serial_shops, shop, uniq_pikel, uniq_edmund, uniq_grinder

Skill      XL: |  1  2  3 |
---------------+----------+-----
Evocations     | 2 4 |  4.8
Short Blades   | 1 |  1.9
Stealth        | 1 |  1.9
Fighting       | |  1.0
Bows           | |  2.4
Dodging        | |  3.6
Shields        | |  1.0
Spellcasting   | |  1.3
Air Magic      | |  1.7

Action                   |  1- 3 |  4- 6 || total
-------------------------+-------+-------++-------
Melee: Short sword       |    50 |    71 ||   121
 Fire: Shortbow          |    80 |    47 ||   127
Throw: Stone             |     1 |       ||     1
  Use: Potion            |       |     4 ||     4
       Scroll            |       |     1 ||     1
 Stab: Sleeping          |     2 |     3 ||     5
Armor: Robe              |    19 |     3 ||    22
Dodge: Dodged            |    94 |    70 ||   164

Table legend:
 A = Spawn XP
 B = Non-spawn XP
 C = Spawn XP percentage of total XP
 D = Spawn monster count
 E = Non-spawn monster count
 F = Spawn count percentage of total count
 G = Total turns spent on level
                    A         B        C        D         E        F      G
               +---------+---------+-------+---------+---------+-------+---------
         Total |       0 |     170 |   0.0 |       0 |      47 |   0.0 |  2478
               +---------+---------+-------+---------+---------+-------+---------
           D:1 |       0 |      73 |   0.0 |       0 |      26 |   0.0 |   996
           D:2 |       0 |      24 |   0.0 |       0 |       7 |   0.0 |   326
           D:3 |       0 |      39 |   0.0 |       0 |      13 |   0.0 |   824
           D:4 |       0 |      34 |   0.0 |       0 |       1 |   0.0 |   332
               +---------+---------+-------+---------+---------+-------+---------
